 Dungeon Crawl Stone Soup version 0.28.0-1-gb440e238dd (webtiles) character file.

Game seed: 243776132544665673

250 zeram the Covered (level 6, -9/38 HPs)
             Began as a Gargoyle Fighter on Feb 26, 2022.
             Mangled by a two-headed ogre (10 damage)
             ... on level 4 of the Dungeon.
             The game lasted 00:03:27 (2809 turns).

zeram the Covered (Gargoyle Fighter)                Turns: 2809, Time: 00:03:28

Health: -9/38      AC: 11    Str: 21    XL:     6   Next: 13%
Magic:  6/6        EV:  9    Int:  9    God:
Gold:   123        SH:  4    Dex:  9    Spells: 5/5 levels left

rFire   . . .      SeeInvis .   p - +2 whip (elec)
rCold   . . .      Faith    .   c - +0 buckler
rNeg    + . .      Spirit   .   b - +0 scale mail
rPois   ∞          Reflect  .   (no helmet)
rElec   +          Harm     .   (no cloak)
rCorr   .          Rampage  .   (no gloves)
Will    .....                   (no boots)
Stlth   ..........              (no amulet)
HPRegen 0.12/turn               (no ring)
MPRegen 0.10/turn               (no ring)

@: mighty
A: sickness immunity, AC +4, negative energy resistance 1, electricity
resistance, torment resistance 1, petrification resistance
a: no special abilities


You were on level 4 of the Dungeon.
You visited 1 branch of the dungeon, and saw 4 of its levels.

You collected 123 gold pieces.

Inventory:

Hand Weapons
 a - a +0 flail
 p - a +2 whip of electrocution (weapon)
Missiles
 n - 8 poisoned darts (quivered)
Armour
 b - a +0 scale mail (worn)
 c - a +0 buckler (worn)
Scrolls
 e - 2 scrolls of teleportation
 m - 2 scrolls of fog
 o - a scroll of identify
Potions
 f - a potion of haste {unknown}
 g - a potion of invisibility {unknown}
 h - a potion of degeneration {unknown}
 i - a potion of mutation
 j - a potion of heal wounds {unknown}
 k - 2 potions of curing
 l - a potion of magic {unknown}


   Skills:
 + Level 4.0 Fighting
 + Level 3.9 Maces & Flails
 + Level 4.7 Armour
 + Level 1.1 Dodging
 + Level 4.1 Shields


You had 5 spell levels left.
You didn't know any spells.
Your spell library was empty.

Dungeon Overview and Level Annotations

Branches:
Dungeon (4/15)
 Temple: D:4-7

Altars:


Innate Abilities, Weirdness & Mutations

You are immune to sickness and miasma.
Your stone body is resilient. (AC +4)
You are immune to poison.
You resist negative energy. (rN+)
You are resistant to electric shocks. (rElec)
You are resistant to unholy torment.
You are immune to petrification.


Message History

You hit the bullfrog skeleton.
The bullfrog skeleton is severely damaged.
The bullfrog skeleton barely misses you.
You completely miss the bullfrog skeleton.
The bullfrog skeleton is severely damaged.
The bullfrog skeleton completely misses you.
You block the bullfrog skeleton's attack.
You completely miss the bullfrog skeleton.
The bullfrog skeleton is severely damaged.
The bullfrog skeleton hits you but does no damage.
You hit the bullfrog skeleton.
The bullfrog skeleton is severely damaged.
The bullfrog skeleton hits you but does no damage.
You hit the bullfrog skeleton.
The bullfrog skeleton is almost destroyed.
The bullfrog skeleton barely misses you.
The bullfrog skeleton closely misses you.
You whack the bullfrog skeleton!
You destroy the bullfrog skeleton!
You have reached level 6!
You now have 123 gold pieces (gained 16).
A two-headed ogre comes into view. It is wielding two +0 giant clubs.
The two-headed ogre shouts in stereo!
A two-headed ogre is nearby!
A two-headed ogre is nearby!
A two-headed ogre is nearby!
A two-headed ogre is nearby!
You feel very mighty all of a sudden.
You whack the two-headed ogre!
The two-headed ogre is moderately wounded.
The two-headed ogre hits you with a +0 giant club!!
Ouch! That really hurt!
The two-headed ogre hits you with a +0 giant club!
* * * LOW HITPOINT WARNING * * *
Unknown command.
You hit the two-headed ogre.
The two-headed ogre is moderately wounded.
You block the two-headed ogre's attack.
The two-headed ogre hits you with a +0 giant club!
You die...

..## ..... .. ...##....# ..#
......... .. ...
#.......###.. . ..#
............ ..##..
.........# ......##O#......##
#....@##......#
#.............#
#..#...........# .....
#..#........#### .....
##............## #..... .
#..............# ...<..
#.##.........>....###........
#..................#.........
#.....................# .....


You could see a two-headed ogre.

Vanquished Creatures
  A scorpion (D:4)
  A hound (D:4)
  A bullfrog skeleton (D:4)
  An iguana (D:4)
  A hound skeleton (D:4)
  3 adders
  A worm (D:3)
  3 dart slugs
  4 ball pythons
  5 endoplasms
  4 giant cockroaches
  7 goblins
  3 hobgoblins
  3 jackals (D:3)
  3 quokkas
  3 bats
  2 frilled lizards (D:2)
  7 kobolds
  6 rats
59 creatures vanquished.

Notes
Turn   | Place    | Note
-------+----------+-------------------------------------------
     0 | D:1      | zeram the Gargoyle Fighter began the quest for the Orb.
     0 | D:1      | Reached XP level 1. HP: 14/14 MP: 1/1
   543 | D:1      | Reached XP level 2. HP: 19/19 MP: 2/2
  1015 | D:2      | Reached XP level 3. HP: 19/23 MP: 3/3
  1347 | D:2      | Found a faded altar of an unknown god.
  1566 | D:2      | Reached XP level 4. HP: 26/29 MP: 4/4
  2757 | D:4      | Reached XP level 5. HP: 33/33 MP: 5/5
  2767 | D:4      | Reached skill level 1 in Dodging
  2802 | D:4      | Reached XP level 6. HP: 38/38 MP: 6/6
  2805 | D:4      | Noticed a two-headed ogre
  2808 | D:4      | HP: 1/38 [two-headed ogre (11)]
  2809 | D:4      | Mangled by a two-headed ogre

Illustrated notes

Levels and vault maps discovered:
D:1:      elethiomel_arrival_infinity_welcomes_careful_drivers, layout_rooms,
          minmay_tetromino_i4
D:2:      minmay_wonky_spiral, layout_rooms,
          shapermc_ecumenical_altar_mp_highgroup
D:3:      layout_basic
D:4:      layout_cave_pools

Skill      XL: |  1  2  3  4  5 |
---------------+----------------+-----
Armour         | 4 |  4.7
Maces & Flails | 3 |  3.9
Shields        | 4 |  4.1
Dodging        | 1 |  1.1
Fighting       | 4 |  4.0

Action                   |  1- 3 |  4- 6 || total
-------------------------+-------+-------++-------
Melee: Flail             |   118 |     2 ||   120
       Whip              |       |    83 ||    83
  Use: Scroll            |     3 |     4 ||     7
       Potion            |       |     1 ||     1
Armor: Scale mail        |    73 |    28 ||   101
Dodge: Dodged            |    56 |    35 ||    91
Block: Buckler           |    34 |    10 ||    44
